 Dungeon Crawl Stone Soup version 0.31.0-2-g5a2aebc5c2 (webtiles) character file.

Game seed: 5984180326680335902

3024322 dialectric the Skullcrusher (level 26, 173/266 HPs)
             Began as a Minotaur Fighter on Jan 20, 2024.
             Was a High Priest of Jiyva.
             Escaped with the Orb
             ... and 4 runes
             ... and 4 gems!
             The game lasted 02:41:30 (57681 turns).

dialectric the Skullcrusher (Minotaur Fighter)     Turns: 57681, Time: 02:41:30

Health: 173/266    AC: 30    Str: 34    XL:     26   Next: 72%
Magic:  33/33      EV: 30    Int: 10    God:    Jiyva [*****.]
Gold:   3807       SH: 18    Dex: 17    Spells: 32/39 levels left

rFire   + + +        J - +10 morningstar "Eos" {elec, Halo rElec}
rCold   + + +        V - +2 shield of Resistance {rF++ rC++ Will++}
rNeg    . . .        T - +3 faerie dragon scales {rPois rF++ rCorr Int+5}
rPois   +            (helmet unavailable)
rElec   +            E - +2 cloak {rPois}
rCorr   +            W - +2 pair of gloves {Str+3}
SInv    .            u - +3 pair of mountain boots {steadfast, rC+}
Will    +++++        t - amulet of the acrobat
Stlth   +            f - ring "Suawn" {rPois rF- Will++ AC+4 Str+3}
HPRegen 2.08/turn    Y - +5 ring of evasion
MPRegen 0.95/turn

%: random rage (3%), acrobat
@: hasted, glowing, studying Long Blades, very quick
A: horns 3, retaliatory headbutt, thin skeletal structure 1, berserk 1,
screaming 1, electricity resistance, no potion heal 1, subdued magic 1,
inability to read after injury 2
0: Orb of Zot
}: 4/15 runes: serpentine, barnacled, slimy, silver
a: Renounce Religion, Oozemancy, Slimify


You escaped.
You worshipped Jiyva.
Jiyva was extremely pleased with you.
You visited 15 branches of the dungeon, and saw 59 of its levels.
You visited the Abyss 1 time.
You visited 1 bazaar.
You visited 1 ziggurat, and saw 8 of its levels.
You also visited: Sewer, Bailey, Ice Cave, Volcano and Desolation.

You collected 6066 gold pieces.
You spent 2259 gold pieces at shops.

Inventory:

Hand Weapons
 n - the +7 demon trident of Tuiddod {venom, rF+ rN+}
   (You found it on level 5 of a ziggurat)

   rF+:       It protects you from fire.
   rN+:       It protects you from negative energy.
 J - the +10 morningstar "Eos" (weapon) {elec, Halo rElec}
   (You found it on level 5 of the Pits of Slime)

   Halo:      It grants its wielder a halo, revealing invisible creatures and
   increasing accuracy against all within it other than the wielder.
   rElec:     It insulates you from electricity.
 L - a +9 eveningstar of holy wrath
Missiles
 C - 3 throwing nets (quivered)
Armour
 a - a +2 hat
 i - a +0 kite shield of positive energy
 m - +0 fire dragon scales
 u - the +3 pair of mountain boots (worn) {steadfast, rC+}
   (You found it on level 5 of the Pits of Slime)

   Steadfast: It prevents involuntary movement, except for blinking,
   teleportation, or banishment.
   rC+:       It protects you from cold.
 E - a +2 cloak of poison resistance (worn)
 I - the +2 scale mail of Midnight {rN++ Str-2 Slay+6}
   (You found it on level 5 of the Pits of Slime)

   Str-2:     It affects your strength (-2).
   Slay+6:    It affects your accuracy & damage with ranged weapons and melee
   (+6).
   rN++:      It greatly protects you from negative energy.
 T - the +3 faerie dragon scales (worn) {rPois rF++ rCorr Int+5}
   (You found it on level 2 of the Depths)

   Int+5:     It affects your intelligence (+5).
   rF++:      It greatly protects you from fire.
   rPois:     It protects you from poison rCorr: It protects you from acid and
   corrosion.
 V - the +2 shield of Resistance (worn) {rF++ rC++ Will++}
   (You found it on level 5 of the Pits of Slime)

   rF++:      It greatly protects you from fire.
   rC++:      It greatly protects you from cold.
   Will++:    It greatly increases your willpower.
 W - a +2 pair of gloves of strength (worn)
Jewellery
 c - a +4 ring of protection
 f - the ring "Suawn" (left hand) {rPois rF- Will++ AC+4 Str+3}
   (You found it on level 4 of the Shoals)

   [ring of protection]

   AC+4:      It affects your AC (+4).
   Str+3:     It affects your strength (+3).
   rF-:       It makes you vulnerable to fire.
   rPois:     It protects you from poison Will++: It greatly increases your
   willpower.
 t - an amulet of the acrobat (around neck)
 y - a +6 ring of strength
 D - the ring "Plog" {*Corrode rF+ rC+ SInv}
   (You found it in the Desolation of Salt)

   [ring of see invisible]

   rF+:       It protects you from fire.
   rC+:       It protects you from cold.
   SInv:      It lets you see invisible.
   *Corrode:  It may corrode you when you take damage.
 R - the ring of Feohof {rPois rN+ Dex+2}
   (You found it on level 8 of a ziggurat)

   [ring of poison resistance]

   Dex+2:     It affects your dexterity (+2).
   rPois:     It protects you from poison rN+: It protects you from negative
   energy.
 U - a +6 ring of dexterity
 Y - a +5 ring of evasion (right hand)
Wands
 r - a wand of mindburst (50)
 v - a wand of roots (47)
 K - a wand of light (42)
 N - a wand of digging (6)
Scrolls
 b - 14 scrolls of immolation
 g - 3 scrolls of fog
 l - 17 scrolls of teleportation
 s - 7 scrolls of silence
 x - 7 scrolls of blinking
 z - 2 scrolls of revelation
 A - a scroll of enchant armour
 F - 3 scrolls of butterflies
 G - 6 scrolls of fear
 M - a scroll of poison
Potions
 d - 12 potions of ambrosia
 e - 9 potions of curing
 h - 3 potions of resistance
 j - 8 potions of attraction
 k - a potion of berserk rage
 o - 4 potions of brilliance
 p - 4 potions of heal wounds
 q - 6 potions of haste
 w - 7 potions of might
 B - a potion of mutation
 H - 4 potions of cancellation
 Q - 2 potions of enlightenment
 X - 3 potions of invisibility
Miscellaneous
 O - the horn of Geryon
 P - a phial of floods
 S - a phantom mirror


   Skills:
 O Level 27 Fighting
 O Level 27 Maces & Flails
 - Level 18.0 Polearms
 - Level 1.3 Throwing
 + Level 18.3 Armour
 - Level 22.0 Dodging
 - Level 20.4 Shields
 + Level 7.3 Spellcasting
 * Level 10.6 Necromancy
 + Level 7.0 Earth Magic
 - Level 4.0 Evocations


You had 32 spell levels left.
You knew the following spells:

 Your Spells              Type           Power      Damage    Failure   Level
a - Passwall              Erth           13%        N/A       2%          3
b - Animate Dead          Necr           19%        N/A       2%          4

Your spell library contained the following spells:

 Spells                   Type           Power      Damage    Failure   Level
 Kiss of Death            Conj/Necr      44%        2d8       1%          1
 Necrotise                Necr           76%        1d7       1%          1
 Sandblast                Erth           26%        2d8       1%          1
 Sublimation of Blood     Necr           19%        N/A       1%          2
 Vampiric Draining        Necr           19%        2d7       1%          3
 Dispel Undead            Necr           19%        3d11      2%          4
 Cigotuvi's Dreadful Rot  Necr/Alch/Air  16%        N/A       7%          2
 Curse of Agony           Necr           19%        N/A       7%          5
 Stone Arrow              Conj/Erth      16%        3d8       13%         3
 Apportation              Tloc           4%         N/A       19%         1
 Magic Dart               Conj           8%         1d3       19%         1
 Shock                    Conj/Air       8%         1d3       19%         1
 Sting                    Conj/Alch      8%         1d3       19%         1
 Summon Small Mammal      Summ           8%         N/A       19%         1
 Martyr's Knell           Necr/Summ      11%        N/A       22%         4
 Call Imp                 Summ           4%         N/A       30%         2
 Jinxbite                 Hex            4%         N/A       30%         2
 Lesser Beckoning         Tloc           4%         N/A       30%         2
 Mercury Vapours          Alch/Air       4%         N/A       30%         2
 Searing Ray              Conj           4%         2d4       30%         2
 Static Discharge         Conj/Air       4%         3-4/arc   30%         2
 Lee's Rapid Deconstruct  Erth           6%         3d6*      30%         5
 Animate Armour           Summ/Erth      16%        N/A       43%         4
 Brom's Barrelling Bould  Conj/Erth      8%         2d3       43%         4
 Call Canine Familiar     Summ           2%         N/A       52%         3
 Confusing Touch          Hex            2%         N/A       52%         3
 Dazzling Flash           Conj/Hex       4%         N/A       52%         3
 Gell's Gravitas          Tloc           2%         N/A       52%         3
 Inner Flame              Hex/Fire       2%         N/A       52%         3
 Swiftness                Air            2%         N/A       52%         3
 Teleport Other           Tloc           2%         N/A       52%         3
 Tukima's Dance           Hex            2%         N/A       52%         3
 Volatile Blastmotes      Fire/Tloc      4%         2d10      52%         3
 Airstrike                Air            1%         2d(1-17)  90%         4
 Dimensional Bullseye     Hex/Tloc       1%         N/A       90%         4
 Flame Wave               Conj/Fire      2%         2d4       90%         4
 Fulminant Prism          Conj/Alch      1%         3d5       90%         4
 Ignite Poison            Fire/Alch      2%         N/A       90%         4
 Iskenderun's Mystic Bla  Conj/Tloc      2%         2d3       90%         4
 Olgreb's Toxic Radiance  Alch           2%         N/A       90%         4
 Passage of Golubria      Tloc           2%         N/A       90%         4
 Sticky Flame             Fire/Alch      2%         2d4       90%         4
 Summon Lightning Spire   Summ/Air       2%         N/A       90%         4
 Vhi's Electric Charge    Tloc/Air       4%         N/A       90%         4
 Alistair's Intoxication  Alch           1%         N/A       99%         5
 Arcjolt                  Conj/Air       1%         1d11      99%         5
 Freezing Cloud           Conj/Ice/Air   1%         6-21      99%         5
 Irradiate                Conj/Alch      1%         3d12      99%         5
 Silence                  Hex/Air        1%         N/A       99%         5
 Summon Forest            Summ/Tloc      1%         N/A       99%         5
 Summon Mana Viper        Hex/Summ       2%         N/A       99%         5
 Yara's Violent Unravell  Hex/Alch       1%         3d3       99%         5
 Conjure Ball Lightning   Conj/Air       1%         3x3d6     100%        6
 Dispersal                Tloc           1%         N/A       100%        6
 Sculpt Simulacrum        Ice/Alch       1%         N/A       100%        6
 Starburst                Conj/Fire      1%         6d3       100%        6
 Summon Cactus Giant      Summ           1%         N/A       100%        6
 Enfeeble                 Hex            1%         N/A       100%        7
 Haunt                    Necr/Summ      5%         N/A       100%        7
 Malign Gateway           Summ/Tloc      1%         N/A       100%        7
 Ozocubu's Refrigeration  Ice            1%         4d7       100%        7
 Summon Hydra             Summ           1%         N/A       100%        7
 Borgnjor's Revivificati  Necr           9%         N/A       100%        8
 Discord                  Hex            1%         N/A       100%        8
 Ignition                 Fire           1%         3d3       100%        8
 Infestation              Necr           9%         N/A       100%        8
 Lehudib's Crystal Spear  Conj/Erth      4%         10d3      100%        8
 Maxwell's Capacitive Co  Air            1%         ∞         100%        8
 Summon Horrible Things   Summ           1%         N/A       100%        8
 Chain Lightning          Conj/Air       1%         3d1       100%        9
 Polar Vortex             Ice            1%         N/A       100%        9
 Shatter                  Erth           6%         3d9*      100%        9


Dungeon Overview and Level Annotations

Branches:
Dungeon (15/15)            Temple (1/1) D:6            Lair (5/5) D:11
 Shoals (4/4) Lair:3        Snake (4/4) Lair:3        Slime (5/5) Lair:5
    Orc (2/2) D:11            Elf (3/3) Orc:2        Vaults (5/5) D:13
  Crypt (3/3) Vaults:2     Depths (4/4) D:15           Hell (visited)
    Dis (0/7) Hell            Geh (0/7) Hell            Coc (1/7) Hell
    Tar (1/7) Hell            Zot (5/5) Depths:4      Sewer (visited)
 Bailey (visited)           IceCv (visited)         Volcano (visited)
Desolation (visited)
   Tomb: Crypt:3

Altars:
Ashenzari
Cheibriados
Dithmenos
Elyvilon
Fedhas
Gozag
Hepliaklqana
Kikubaaqudgha
Makhleb
Nemelex Xobeh
Okawaru
Qazlal
Ru
Sif Muna
Trog
Uskayaw
Vehumet
Wu Jian
Xom
Yredelemnul
Zin
The Shining One
Jiyva

Shops:
D:8 [   Orc:2 ?(([![(==   Elf:1 *(   Elf:2 ?   Shoals:2 :   Vaults:3 =*!?(

Portals:
Hell: Depths:1 Depths:2 Depths:3 Depths:4
Abyss: Depths:3 Depths:4
Pandemonium: Depths:2 Depths:3

Annotations:
Shoals:4 Ilsuiw
Slime:4 Dissolution
Slime:5 Royal Jelly
Orc:2 2 transporters
Elf:1 6 transporters
Vaults:4 Norris
Zot:1 1 runed translucent door, Sofait's ghost, legendary GnFE
Abyss:1 BraveToast's ghost, journeyman FoFi; Eustachio; Fannar; Frances


Innate Abilities, Weirdness & Mutations

You have a pair of large horns on your head.
You reflexively headbutt those who attack you in melee.
You have a somewhat thin skeletal structure. (Dex +2, Stealth+)
You sometimes lose your temper in combat.
You occasionally shout uncontrollably at your foes.
You are resistant to electric shocks. (rElec)
Potions are less effective at restoring your health.
Your spells are a little easier to cast, but a little less powerful.
You sometimes lose the ability to read scrolls when taking damage.


Message History

The demonic crawler gives a hideous shriek!
You stick the demonic crawler like a pincushion!!!
You headbutt the demonic crawler, but do no damage.
The demonic crawler is severely wounded.
You block the demonic crawler's attack. x2
The demonic crawler completely misses you.
You hit the demonic crawler but do no damage.
The demonic crawler is severely wounded.
You block the demonic crawler's attack. x2; The demonic crawler misses you.
Unknown command.
You spit the demonic crawler like a pig!!!
Lightning courses through the demonic crawler!
You kill the demonic crawler!
You see here a demonic crawler corpse.
You see here a demonic crawler corpse.
A chaos spawn comes into view.
You feel yourself speed up.
The daeva calls down the wrath of the Shining One upon you.
The Shining One smites you!
The daeva calls down the wrath of the Shining One upon you.
The Shining One smites you!
The daeva calls down the wrath of the Shining One upon you.
The Shining One smites you!
Nibu rustles, "Submit, thou tasty curdle!"
The lich shouts!
The Hell Sentinel roars!
The lich gestures wildly while chanting.
The lich flickers and vanishes!
Nibu gestures at you.
The orb of electricity explodes!
The orb of electricity engulfs you! You resist.
The orb of electricity engulfs Nibu!
Nibu resists.
You hear a roar!
Nibu completely misses you. You furiously retaliate!
You headbutt Nibu!
There is a staircase leading out of the dungeon here.
Nibu gestures at you.
The orb of electricity explodes!
The orb of electricity engulfs you! You resist.
The orb of electricity engulfs the red devil!!!
The red devil dies!
The orb of electricity engulfs Nibu!!
Nibu resists.
You have escaped!

#.# #..## ####..##P## #.##
##..##### #....###. ######
#..#######....###........
.....####..#8.8####.#............
####............# ##.###...###.##
#####........#####.####.###.##
#########....8..##..##.###.##....
...##..........)8##..##.#....>##.
.........#....L&@................
................8#..#.######.###.
.............8.1#####..#####.....
..........(.....# ##....)......
................# ##########..
...........#8.8## #.#
##########.##### ###)# ### ##.†.#
##..###


You could see Nibu, a Hell Sentinel and a lich (invisible).

Vanquished Creatures
  2 pandemonium lords
  5 dread liches
  6 ancient liches
  6 orbs of fire (Zot:5)
  Mennas (Vaults:4)
  4 Killer Klowns
  Saint Roka (Vaults:2)
  A shard shrike (Zig:5)
  4 golden dragons
  Geryon (Hell)
  2 bone dragons (Depths:4)
  2 electric golems
  A Hell Sentinel (Zot:1)
  6 liches
  11 tentacled monstrosities
  An Ice Fiend (Coc:1)
  Zenata (Crypt:3)
  Jorgrun (D:14)
  24 Orb Guardians
  A deep elf master archer (Elf:3)
  6 titans
  2 deep elf blademasters (Elf:2)
  4 death cobs
  8 quicksilver dragons
  An eldritch tentacle (Zot:1)
  3 ancient champions
  7 sphinxes
  2 thorn hunters (Zig:6)
  3 tentacled starspawn (Abyss:3)
  Agnes (D:14)
  2 Executioners
  The ghost of Ubraesch the Brawler, an adept TrMo of Nemelex Xobeh (Depths:1)
  10 storm dragons
  Aizul (Vaults:1)
  7 tengu reavers
  2 revenants
  5 protean progenitors
  4 fire giants
  Donald (Shoals:1)
  8 deep elf sorcerers
  2 draconian monks (Depths:4)
  A daeva (Depths:1)
  5 nagarajas
  6 shadow dragons
  3 draconian knights
  16 vault wardens
  A fenstrider witch (Zig:6)
  3 iron dragons
  5 frost giants
  A ghost moth (Depths:4)
  3 draconian scorchers
  A spectral caustic shrike (Crypt:1)
  A draconian stormcaller (Depths:4)
  5 curse skulls
  5 ghouls
  8 deep elf elementalists
  2 imperial myrmidons (Desolation)
  6 balrugs
  5 draconian annihilators
  3 spriggan defenders (Depths:2)
  4 orc warlords
  17 very ugly things
  7 reapers
  14 ironbound thunderhulks
  14 stone giants
  9 green draconians
  17 ironbound preservers
  6 deep elf death magi
  7 vampire knights
  2 deep elf demonologists
  A halazid warlock (Desolation)
  7 black draconians
  The ghost of Plazmod the Devastator, a journeyman DECj of Vehumet (Lair:5)
  10 dire elephants
  10 purple draconians
  7 white draconians
  17 red draconians
  7 spark wasps
  2 wendigos (Zig:5)
  6 yellow draconians
  2 lorocyprocas
  7 war gargoyles
  5 blizzard demons
  5 deep elf annihilators
  5 eidola
  15 ettins
  The ghost of BraveToast the Basher, a journeyman FoFi of Qazlal (Abyss:3)
  Josephine (Lair:3)
  A mummy priest (Crypt:3)
  2 crystal guardians
  5 merfolk impalers
  10 fire dragons
  6 jiangshi
  14 yaktaur captains
  5 deep elf high priests
  The ghost of Nefuv the Blocker, a journeyman MiBe of Trog (Lair:3)
  A spriggan zombie (Hell)
  A ragged hierophant (Desolation)
  2 spectral spriggans (Crypt:1)
  3 entropy weavers
  An entropy weaver (shapeshifter) (Elf:2)
  2 spectral shadow dragons (Crypt:1)
  6 hydras
  9 servants of whispers (Desolation)
  6 spriggan air magi
  5 salamander tyrants
  11 peacekeepers
  10 ice dragons
  18 centaur warriors
  42 vault guards
  2 radroaches (Zot:2)
  9 rakshasas
  6 ironbound frosthearts
  A merfolk aquamancer (Shoals:4)
  A merfolk avatar (Shoals:2)
  5 death knights
  A hell beast (Depths:4)
  3 ogre magi (Vaults:5)
  2 catoblepae
  10 anacondas
  2 alligators (Zot:2)
  7 two-headed ogres
  7 boulder beetles
  A spectral emperor scorpion (Crypt:1)
  30 dancing weapons
  4 hell hogs
  2 tengu warriors
  7 naga warriors
  8 deep troll earth magi
  2 satyrs
  A demonic crawler (D:1)
  7 death yaks
  8 occultists
  7 vampire magi
  2 thrashing horrors (Abyss:3)
  5 deep troll shamans
  3 orc high priests
  7 naga sharpshooters
  6 shock serpents
  5 spriggan berserkers
  8 soul eaters
  20 hell knights
  4 skysharks
  13 sun demons
  13 deep elf knights
  A titan skeleton (Crypt:1)
  26 skeletal warriors
  4 iron trolls
  10 sea snakes
  A shadow wraith (Crypt:3)
  A spectral bunyip (Crypt:1)
  4 wretched stars (Abyss:3)
  A bunyip zombie (Hell)
  A sixfirhy (Depths:2)
  2 salamander mystics
  A spectral anaconda (Crypt:1)
  10 mana vipers
  A death drake (Abyss:3)
  21 arcanists
  49 deep trolls
  6 naga ritualists
  2 spriggan druids
  A sun moth (shapeshifter) (Vaults:4)
  A spriggan simulacrum (Abyss:3)
  A shadow demon (Depths:4)
  15 flayed ghosts
  2 spectral hydras (Lair:5)
  10 deep elf archers
  10 orc knights
  15 phantasmal warriors
  8 necromancers
  An obsidian statue (Crypt:1)
  6 large abominations
  A shadow dragon zombie (Hell)
  15 ironbound convokers
  A swamp dragon (Zig:6)
  An alligator zombie (Hell)
  12 lindwurms
  18 deep elf pyromancers
  3 harpies (Shoals:1)
  An iron dragon zombie (Hell)
  A spectral ettin (Crypt:1)
  Pikel (D:7)
  An eleionoma zombie (Crypt:1)
  29 deep elf zephyrmancers
  12 fauns
  2 frost giant zombies
  46 ugly things
  A will-o-the-wisp (Abyss:3)
  15 manticores
  4 orc sorcerers
  4 wolf spiders
  3 cyclopes
  An alligator skeleton (Hell)
  2 worldbinders (Abyss:3)
  A rust devil (Depths:4)
  11 salamanders
  16 vault sentinels
  8 moths of wrath
  9 merfolk sirens
  4 fire giant zombies (Tar:1)
  3 kobold blastminers
  7 guardian serpents
  A dire elephant zombie (Hell)
  2 water nymphs
  An orange demon (Abyss:3)
  11 starcursed masses (Abyss:3)
  6 gargoyles
  7 naga magi
  29 black mambas
  2 molten gargoyles
  13 elephants
  A torpor snail (Lair:5)
  11 cane toads
  5 smoke demons
  A water nymph (shapeshifter) (Elf:1)
  An ice statue (Hell)
  A shock serpent skeleton (Crypt:1)
  A centaur skeleton (D:15)
  3 unseen horrors
  10 freezing wraiths
  A dire elephant skeleton (Crypt:1)
  2 hellions
  A rime drake (Lair:3)
  A minotaur zombie (Crypt:1)
  4 ice devils
  A human zombie (Vaults:3)
  7 efreet
  28 yaktaurs
  5 guardian mummies (Crypt:1)
  A tormentor (Depths:4)
  3 tengu conjurers
  A spectral naga (Crypt:1)
  2 ancient zymes (Abyss:3)
  9 komodo dragons
  A yaktaur skeleton (Vaults:3)
  A queen bee (D:10)
  2 spectral harpies (Crypt:1)
  8 trolls
  3 hornets
  2 hellwings
  20 merfolk
  4 polar bears
  A harpy zombie (D:15)
  An alligator simulacrum (Hell)
  A bloated husk (Zig:1)
  A queen bee (shapeshifter) (D:9)
  3 hydra skeletons (Hell)
  8 wind drakes
  48 saltlings (Desolation)
  A fire dragon zombie (Crypt:2)
  Prince Ribbit (D:7)
  Grinder (D:4)
  A raiju (Abyss:3)
  17 blink frogs
  A meliai zombie (D:15)
  5 snapping turtles
  A spectral black mamba (Crypt:1)
  6 air elementals
  2 slime creatures (D:10)
  A stone giant simulacrum (Vaults:1)
  2 centaur simulacra (D:15)
  3 vampires
  8 spriggans
  3 shadows
  38 yaks
  2 ynoxinuls (Abyss:3)
  5 water elementals
  20 wraiths
  27 fire elementals
  6 wyverns
  3 basilisks
  A spectral komodo dragon (Lair:5)
  A hog (shapeshifter) (D:10)
  A sea snake simulacrum (Hell)
  3 neqoxecs
  A warg (Elf:2)
  5 hogs (Shoals:1)
  2 redbacks
  2 chaos spawn
  2 steam dragons
  13 vampire mosquitoes
  A yaktaur simulacrum (Vaults:3)
  A death yak simulacrum (Lair:5)
  22 nagas
  A two-headed ogre zombie (Crypt:2)
  3 hydra simulacra
  29 water moccasins
  3 great orb of eyes simulacra (IceCv)
  5 acid dragons
  A swamp drake (Zig:2)
  An ogre skeleton (Vaults:3)
  2 black bears
  A sky beast (D:7)
  A meliai simulacrum (D:14)
  11 laughing skulls
  37 orc warriors
  2 ice beasts
  A fire dragon simulacrum (Coc:1)
  A black mamba simulacrum (Lair:5)
  A crocodile (Sewer)
  7 ogres
  7 small abominations (Abyss:3)
  20 wolves
  14 centaurs
  A blink frog skeleton (Crypt:1)
  A rime drake zombie (Crypt:2)
  A phantom (D:5)
  2 kobold brigands
  2 weeping skulls (Abyss:3)
  A necrophage (Crypt:2)
  15 bullfrogs
  A gnoll sergeant (D:9)
  3 glowing shapeshifter simulacra (IceCv)
  12 earth elementals
  6 wights
  31 killer bees
  A lindwurm simulacrum (Lair:5)
  11 howler monkeys
  2 hounds
  A lava snake (D:8)
  3 jellies
  25 orc priests
  Crazy Yiuf (D:2)
  2 gnoll boudas (D:10)
  4 iguanas
  2 sleepcaps
  30 orc wizards
  Ijyb (D:4)
  A naga skeleton (Crypt:1)
  26 gnolls
  20 adders
  A shadow imp (D:6)
  A white imp (Abyss:3)
  3 ufetubi
  2 dart slugs
  2 ribbon worms
  99 orcs
  7 ball pythons
  4 bats
  A bat skeleton (Crypt:1)
  9 endoplasms
  2 giant cockroaches
  19 goblins
  8 hobgoblins
  12 jackals
  2 quokkas (D:1)
  3 frilled lizards (D:1)
  A frilled lizard zombie (Crypt:1)
  11 kobolds
  An orc skeleton (Crypt:1)
  5 rats
  An aspiring flesh (Depths:4)
  A starspawn tentacle (Abyss:3)
2305 creatures vanquished.

Vanquished Creatures (collateral kills)
  An elemental wellspring (Coc:1)
  2 hell hogs (Hell)
  A mana viper (Abyss:3)
  A phantasmal warrior (Crypt:1)
  An eleionoma skeleton (Crypt:2)
  A molten gargoyle (Abyss:3)
  A neqoxec (Abyss:3)
  A harpy simulacrum (Coc:1)
  A small abomination (Abyss:3)
10 creatures vanquished.

Vanquished Creatures (others)
  An ancient lich (Zot:5)
  A sphinx (Depths:1)
  4 acid blobs
  2 storm dragons
  3 azure jellies
  A fire giant (D:13)
  2 vault wardens
  A frost giant (Depths:3)
  An ironbound preserver (Vaults:4)
  An eleionoma (Vaults:4)
  A quicksilver dragon zombie (Zot:2)
  4 great orbs of eyes
  A vault guard (Vaults:4)
  2 ironbound frosthearts
  A naga sharpshooter (Zig:8)
  A deep elf knight (Elf:3)
  A glowing orange brain (Vaults:3)
  A deep troll (Vaults:4)
  3 orange crystal statues (IceCv)
  A swamp dragon (shapeshifter) (Vaults:4)
  An ironbound convoker (Vaults:3)
  A deep elf pyromancer (Elf:2)
  4 deep elf zephyrmancers
  A salamander (Snake:3)
  An alligator zombie (Zot:2)
  A draconian zombie (Zot:2)
  A shining eye (shapeshifter) (Vaults:5)
  A manticore (Shoals:1)
  A moth of wrath (Zot:2)
  A naga mage (Zig:8)
  A vault sentinel (Vaults:3)
  A large abomination (Abyss:3)
  A black draconian zombie (Zot:2)
  An efreet (D:15)
  A komodo dragon (shapeshifter) (Abyss:3)
  A yaktaur (Vaults:4)
  A red devil (D:1)
  3 glass eyes
  A merfolk (Shoals:3)
  A moth of wrath zombie (Zot:2)
  A saltling (Desolation)
  A radroach zombie (Zot:2)
  A dream sheep (shapeshifter) (Vaults:5)
  A glass eye (shapeshifter) (Vaults:5)
  28 slime creatures
  A hog (Shoals:1)
  A golden eye (D:10)
  4 nagas
  4 great orb of eyes simulacra (IceCv)
  An orc warrior (Abyss:3)
  An ogre (Vaults:5)
  An elf simulacrum (Vaults:1)
  3 boggarts (Vaults:4)
  3 slime creature simulacra (IceCv)
  3 small abominations (Abyss:3)
  195 jellies
  2 starcursed masses (Abyss:3)
  2 orc wizards
  3 orcs
  2 foxfires (Abyss:3)
  2 lurking horrors (Abyss:3)
  13 starspawn tentacles (Abyss:3)
331 creatures vanquished.

Grand Total: 2646 creatures vanquished

Notes
Turn   | Place    | Note
-------+----------+-------------------------------------------
     0 | D:1      | dialectric the Minotaur Fighter began the quest for the
                  | Orb.
     0 | D:1      | Reached XP level 1. HP: 19/19 MP: 0/0
    85 | D:1      | Reached XP level 2. HP: 27/27 MP: 1/1
   176 | D:1      | Reached skill level 1 in Dodging
   223 | D:1      | Reached XP level 3. HP: 29/33 MP: 2/2
   591 | D:1      | Found a faded altar of an unknown god.
   732 | D:2      | Reached XP level 4. HP: 40/40 MP: 3/3
  1087 | D:2      | Found a runed translucent door.
  1088 | D:2      | Noticed Crazy Yiuf
  2088 | D:4      | Reached XP level 5. HP: 43/47 MP: 4/4
  2305 | D:4      | Reached skill level 1 in Polearms
  2413 | D:4      | Noticed Grinder
  2413 | D:4      | Paralysed by Grinder for 4 turns
  2427 | D:5      | Entered Level 5 of the Dungeon
  2434 | D:5      | Reached skill level 5 in Armour
  2462 | D:4      | Killed Grinder
  2463 | D:4      | Reached skill level 5 in Fighting
  2463 | D:4      | Reached XP level 6. HP: 18/56 MP: 5/5
  2864 | D:4      | Noticed Eustachio
  2869 | D:4      | Banished Eustachio
  2870 | D:4      | Reached skill level 5 in Polearms
  2870 | D:4      | Reached XP level 7. HP: 61/61 MP: 6/6
  2931 | D:4      | Noticed Ijyb
  2940 | D:4      | Killed Ijyb
  3460 | D:5      | Identified the +3 dagger of the Summoning Gnat {drain,
                  | MP+9}
  3941 | D:5      | Reached XP level 8. HP: 70/70 MP: 7/7
  4139 | D:5      | Found a radiant altar of Vehumet.
  4256 | D:5      | Found a shimmering blue altar of Sif Muna.
  4262 | D:5      | Found an iron altar of Okawaru.
  4264 | D:5      | Found a basalt altar of Yredelemnul.
  4560 | D:6      | Found a glowing drain.
  4573 | Sewer    | Entered a sewer
  5268 | D:6      | Found a staircase to the Ecumenical Temple.
  5499 | Temple   | Entered the Ecumenical Temple
  5599 | D:7      | Reached skill level 10 in Polearms
  5599 | D:7      | Reached XP level 9. HP: 38/78 MP: 8/8
  5727 | D:7      | Noticed Pikel
  5735 | D:7      | Killed Pikel
  6436 | D:7      | Noticed Prince Ribbit
  6447 | D:7      | Killed Prince Ribbit
  6758 | D:2      | Killed Crazy Yiuf
  6967 | D:8      | Found a flagged portal.
  6973 | Bailey   | Entered a bailey
  7134 | Bailey   | Noticed an orc knight
  7137 | Bailey   | Noticed an orc warlord
  7183 | Bailey   | Banished an orc warlord
  7184 | Bailey   | Reached XP level 10. HP: 64/86 MP: 9/9
  7371 | Bailey   | Acquired 865 gold pieces
  7702 | D:8      | Reached skill level 1 in Throwing
  7827 | D:8      | Found Heop's Armour Shoppe.
  8099 | D:8      | Found the +7 Throatcutter {drain, coup de grace}
  8435 | D:9      | Reached skill level 15 in Polearms
  8615 | D:9      | Identified the +12 hand axe of Eternal War {freeze, rF-
                  | Str+4 Dex+3 Stlth+}
  8733 | D:9      | Reached XP level 11. HP: 95/95 MP: 10/10
  9312 | D:10     | Entered Level 10 of the Dungeon
  9319 | D:10     | Noticed a deep elf pyromancer
  9322 | D:10     | Noticed a deep elf pyromancer
  9323 | D:10     | Noticed a centaur warrior
  9328 | D:10     | Killed a deep elf pyromancer
  9646 | D:10     | Noticed a two-headed ogre
  9650 | D:10     | Killed a two-headed ogre
  9762 | D:10     | Reached skill level 10 in Fighting
  9972 | D:10     | Noticed a two-headed ogre
  9983 | D:10     | Killed a two-headed ogre
 10012 | D:10     | Noticed a boulder beetle
 10016 | D:10     | Reached skill level 10 in Armour
 10032 | D:10     | Killed a boulder beetle
 10033 | D:10     | Reached skill level 1 in Evocations
 10037 | D:10     | Identified the staff of Offecakk {rElec Int+2 Air}
 10193 | D:10     | Noticed a centaur warrior
 10193 | D:10     | Noticed a deep elf pyromancer
 10193 | D:10     | Noticed a centaur warrior
 10431 | D:10     | Killed a deep elf pyromancer
 10475 | D:10     | Reached XP level 12. HP: 87/110 MP: 11/11
 10577 | D:10     | Reached skill level 5 in Dodging
 10594 | D:10     | Noticed a boulder beetle
 10604 | D:10     | a boulder beetle changed into a bunyip
 10604 | D:10     | Noticed a bunyip
 10851 | D:10     | Noticed a centaur warrior
 10851 | D:10     | Noticed a death knight
 11137 | D:9      | Killed a centaur warrior
 11428 | D:9      | Killed a centaur warrior
 11488 | D:10     | Banished a bunyip
 11585 | D:10     | Identified the +2 robe "Vaecuh" {Harm rF+ Int+3}
 11628 | D:10     | Banished a death knight
 11765 | D:10     | Identified the staff of Trauma {rElec rC+ Ice}
 11774 | D:10     | Killed a centaur warrior
 12021 | D:10     | Noticed a tengu warrior
 12049 | D:10     | Killed a tengu warrior
 12053 | D:10     | Noticed a boulder beetle
 12056 | D:10     | Noticed Fannar
 12064 | D:10     | Killed a boulder beetle
 12066 | D:10     | Banished Fannar
 12622 | D:11     | Noticed a two-headed ogre
 12630 | D:11     | Killed a two-headed ogre
 12779 | D:10     | Killed a centaur warrior
 13081 | D:10     | Noticed a six-headed hydra
 13092 | D:10     | Killed a six-headed hydra
 13126 | D:11     | Noticed a boulder beetle
 13142 | D:11     | Killed a boulder beetle
 13143 | D:11     | Reached XP level 13. HP: 114/123 MP: 12/12
 13147 | D:11     | Learned a level 3 spell: Passwall
 13311 | D:11     | Found a staircase to the Orcish Mines.
 13362 | D:11     | Found a staircase to the Lair.
 13383 | D:11     | Reached skill level 1 in Spellcasting
 14035 | Orc:1    | Entered Level 1 of the Orcish Mines
 14652 | Orc:2    | Entered Level 2 of the Orcish Mines
 14652 | Orc:2    | Found Ruett's Antique Armour Shop.
 14667 | Orc:2    | Reached skill level 10 in Dodging
 14695 | Orc:2    | Bought a pair of glowing gloves for 292 gold pieces
 14914 | Orc:2    | Found a transporter.
 14918 | Orc:2    | Found Kafaucif's Jewellery Emporium.
 14920 | Orc:2    | Found a transporter.
 14957 | Orc:2    | Found Laemm's Jewellery Shoppe.
 15118 | Orc:2    | Found Azickeo's Antique Weapon Shoppe.
 15119 | Orc:2    | Found Mustunko's Magic Scroll Shop.
 15128 | Orc:2    | Bought a scroll of teleportation for 36 gold pieces
 15128 | Orc:2    | Bought a scroll of poison for 48 gold pieces
 15148 | Orc:2    | Found a staircase to the Elven Halls.
 15190 | Orc:2    | Noticed an orc warlord
 15371 | Orc:1    | Banished an orc warlord
 15372 | Orc:1    | Reached skill level 1 in Earth Magic
 15730 | Orc:2    | Found Ratydu's Antique Weapon Shoppe.
 15738 | Orc:2    | Found Kiviang's Antique Armour Emporium.
 15912 | Orc:2    | Found Ruetuaja's Weapon Shop.
 16000 | Orc:2    | Found Ygezxiss's Distillery.
 16077 | Orc:2    | Bought 2 potions of invisibility for 208 gold pieces
 16077 | Orc:2    | Bought a potion of heal wounds for 65 gold pieces
 16077 | Orc:2    | Bought a potion of curing for 39 gold pieces
 16077 | Orc:2    | Bought a potion of curing for 39 gold pieces
 16305 | Elf:1    | Entered Level 1 of the Elven Halls
 16305 | Elf:1    | Found a transporter.
 16307 | Elf:1    | Found a transporter.
 16470 | Lair:1   | Entered Level 1 of the Lair of Beasts
 16795 | Lair:1   | Found a dark tunnel.
 16824 | Volcano  | Entered a volcano
 16852 | Volcano  | Reached skill level 15 in Fighting
 18211 | Lair:2   | Reached XP level 14. HP: 135/135 MP: 17/17
 19180 | Lair:3   | Found a runed translucent door.
 19181 | Lair:3   | Noticed Nefuv's ghost (journeyman MiBe)
 19189 | Lair:3   | Noticed Josephine
 19565 | Lair:3   | Found a staircase to the Shoals.
 19742 | Lair:3   | Killed Josephine
 20096 | Lair:3   | Found a staircase to the Snake Pit.
 20231 | Lair:3   | Identified the +1 leather armour of the Exceptional God
                  | {rElec}
 21288 | Lair:5   | Entered Level 5 of the Lair of Beasts
 21322 | Lair:5   | Found a runed translucent gate.
 21322 | Lair:5   | Found a runed translucent gate.
 21323 | Lair:5   | Found a runed translucent gate.
 21332 | Lair:5   | Noticed Plazmod's ghost (journeyman DECj)
 21560 | Lair:5   | Found a viscous altar of Jiyva.
 21560 | Lair:5   | Found a staircase to the Slime Pits.
 21594 | Lair:5   | Became a worshipper of Jiyva Jeteibot the Shapeless
 21765 | Lair:5   | Reached XP level 15. HP: 127/152 MP: 18/18
 21841 | Lair:5   | Reached * piety under Jiyva
 22775 | D:12     | Found a runed translucent door.
 22775 | D:12     | Noticed BraveToast's ghost (journeyman FoFi)
 22786 | D:12     | Banished BraveToast's ghost
 23184 | D:12     | Reached ** piety under Jiyva
 23445 | D:13     | Identified the +10 dagger of the Kissing Gods {protect,
                  | ^Fragile Will- Dex+6}
 23582 | D:13     | Noticed Frances
 23594 | D:13     | Banished Frances
 23728 | D:13     | Found a gate to the Vaults.
 23858 | D:13     | Found a runed translucent door.
 23861 | D:13     | Noticed a fire giant
 23862 | D:13     | Found a runed translucent door.
 23915 | D:14     | Noticed Agnes
 23945 | D:14     | Killed Agnes
 24331 | D:14     | Found a shimmering altar of Xom.
 24331 | D:14     | Reached *** piety under Jiyva
 24433 | D:14     | Noticed Jorgrun
 24443 | D:14     | Killed Jorgrun
 24580 | D:14     | Gained mutation: You have acidic saliva. [Jiyva's grace]
 24580 | D:14     | Gained mutation: You possess an exceptional clarity of
                  | mind. [Jiyva's grace]
 24580 | D:14     | Gained mutation: Your skin changes colour to match your
                  | surroundings (Stealth+). [Jiyva's grace]
 24580 | D:14     | Gained mutation: Your skin blends seamlessly with your
                  | surroundings (Stealth++). [Jiyva's grace]
 24628 | D:14     | Found a broken altar of Ashenzari.
 24686 | D:14     | Found a white marble altar of Elyvilon.
 24965 | D:15     | Entered Level 15 of the Dungeon
 24965 | D:15     | Reached **** piety under Jiyva
 25059 | D:15     | Found a flickering gateway to a bazaar.
 25068 | Bazaar   | Entered a bazaar
 25095 | Bazaar   | Found Qiatogh's Antique Weapon Emporium.
 25111 | Bazaar   | Found Puhatwuull's Book Emporium.
 25365 | D:15     | Reached skill level 5 in Earth Magic
 25623 | D:15     | Reached XP level 16. HP: 126/163 MP: 21/21
 25669 | D:15     | Found a staircase to the Depths.
 25970 | Snake:1  | Entered Level 1 of the Snake Pit
 26181 | Snake:1  | Reached ***** piety under Jiyva
 26355 | Snake:1  | Identified the +1 leather armour of Ravioli {Harm}
 26725 | Snake:1  | Gained mutation: You are covered in slimy tendrils that may
                  | disarm your opponents. [Jiyva's grace]
 26725 | Snake:1  | Gained mutation: You passively dampen the noise of your
                  | surroundings. [Jiyva's grace]
 26725 | Snake:1  | Gained mutation: Armour fits poorly on your pseudopods.
                  | [Jiyva's grace]
 26725 | Snake:1  | Gained mutation: Armour fits poorly on your large
                  | pseudopods. [Jiyva's grace]
 26927 | Snake:2  | Reached skill level 5 in Spellcasting
 27137 | Snake:2  | Found a glacial archway.
 27145 | IceCv    | Entered an ice cave
 27255 | IceCv    | Found a viscous altar of Jiyva.
 27272 | IceCv    | Identified the +0 ice dragon scales of the Shouting Gods
                  | {rF- rC++ Dex+2}
 27275 | IceCv    | Got the +7 mace of Fameofu {freeze, *Rage rElec rN+}
 27800 | Snake:2  | Reached ****** piety under Jiyva
 27825 | Snake:2  | Gained mutation: You have a small jelly attached to you
                  | that may absorb projectiles. [Jiyva's grace]
 27825 | Snake:2  | Gained mutation: You are agile. (Dex +4, Str/Int -1)
                  | [Jiyva's grace]
 27825 | Snake:2  | Gained mutation: You are very agile. (Dex +8, Str/Int -2)
                  | [Jiyva's grace]
 27825 | Snake:2  | Gained mutation: You passively map a small area around you.
                  | [Jiyva's grace]
 28154 | Lair:3   | Killed Nefuv's ghost
 28162 | Lair:3   | Identified the +3 dire flail of Evisceration {venom, rF+}
 28276 | Lair:5   | Killed Plazmod's ghost
 28348 | Slime:1  | Entered Level 1 of the Pits of Slime
 28348 | Slime:1  | Noticed an acid blob
 28369 | Slime:4  | Noticed Dissolution
 28381 | Slime:5  | Entered Level 5 of the Pits of Slime
 28381 | Slime:5  | Noticed an acid blob
 28402 | Slime:5  | Found a viscous altar of Jiyva.
 28404 | Slime:5  | Noticed an acid blob
 28404 | Slime:5  | Noticed an acid blob
 28405 | Slime:5  | Noticed an acid blob
 28408 | Slime:5  | Found the +3 pair of mountain boots {steadfast, rC+}
 28410 | Slime:5  | Noticed an acid blob
 28414 | Slime:5  | Identified the ring of Teyntah {rElec rC- Will- rCorr
                  | Str+6}
 28417 | Slime:5  | Got Sif Muna's Discursus on the Congregation and Diablerie
 28419 | Slime:5  | Got the Handbook of Iniquitous Secrets and Voltage
 28420 | Slime:5  | Identified the +2 hand cannon of the Volcano {penet,
                  | ^Fragile Will+ Str+2 Int+2}
 28432 | Slime:5  | Identified the +2 scale mail of Midnight {rN++ Str-2
                  | Slay+6}
 28432 | Slime:5  | Noticed the Royal Jelly
 28433 | Slime:5  | Identified the +0 scale mail "Ehutz" {Int+4}
 28435 | Slime:5  | Noticed an acid blob
 28442 | Slime:5  | Noticed an acid blob
 28444 | Slime:5  | Found the +1 robe of Vines {NoPotionHeal Regen++++}
 28497 | Slime:5  | Noticed an acid blob
 28547 | Slime:5  | Noticed an acid blob
 28567 | Slime:5  | Found the +10 morningstar "Eos" {elec, Halo rElec}
 28569 | Slime:5  | Found the +2 shield of Resistance {rF++ rC++ Will++}
 28576 | Slime:5  | Got a slimy rune of Zot
 28577 | Slime:5  | Identified the +0 chain mail "Vuetyk" {rC+ Dex+6}
 28578 | Slime:5  | Got a starry gem with 372 turns to spare
 28581 | Slime:5  | Identified the +7 shortbow of Nit Yno {drain, Dex+2}
 29103 | D:13     | Identified the +1 trident of the Hierophant {elec, Int+3
                  | Dex+3}
 29252 | Shoals:1 | Entered Level 1 of the Shoals
 29252 | Shoals:1 | Noticed Donald
 29270 | Shoals:1 | Killed Donald
 29447 | Shoals:1 | Noticed Kirke
 29478 | Shoals:1 | Slimified Kirke
 29478 | Shoals:1 | Kirke changed into Kirke the acid blob
 29478 | Shoals:1 | Noticed Kirke
 29708 | Shoals:1 | Reached XP level 17. HP: 172/173 MP: 23/23
 30123 | Shoals:2 | Found Nuruzoq's Vocational Training.
 30646 | Shoals:2 | Identified the +3 ring mail "Eseriecagh" {rC+}
 30848 | Shoals:3 | Identified the ring of Dacivic {Wiz rPois Int+3}
 31245 | Shoals:4 | Entered Level 4 of the Shoals
 31258 | Shoals:4 | Lost mutation: Your skin blends seamlessly with your
                  | surroundings (Stealth++). [Jiyva's grace]
 31258 | Shoals:4 | Lost mutation: Your skin changes colour to match your
                  | surroundings (Stealth+). [Jiyva's grace]
 31258 | Shoals:4 | Lost mutation: Armour fits poorly on your large pseudopods.
                  | [Jiyva's grace]
 31258 | Shoals:4 | Lost mutation: You are covered in slimy tendrils that may
                  | disarm your opponents. [Jiyva's grace]
 31258 | Shoals:4 | Gained mutation: Your natural rate of healing is unusually
                  | fast. [Jiyva's grace]
 31258 | Shoals:4 | Gained mutation: You heal very quickly. [Jiyva's grace]
 31258 | Shoals:4 | Gained mutation: You regenerate. [Jiyva's grace]
 31258 | Shoals:4 | Gained mutation: Your melee attacks may engulf your foes in
                  | ooze. [Jiyva's grace]
 31280 | Shoals:4 | Reached skill level 5 in Maces & Flails
 31380 | Shoals:4 | Noticed Ilsuiw
 31390 | Shoals:4 | Reached skill level 15 in Armour
 31478 | Shoals:4 | Identified the ring "Suawn" {rPois rF- Will++ AC+4 Str+3}
 31560 | Shoals:4 | Got a barnacled rune of Zot
 31974 | Depths:1 | Entered Level 1 of the Depths
 31982 | Depths:1 | a deep troll earth mage changed into an acid blob
 31982 | Depths:1 | Noticed an acid blob
 32050 | Depths:1 | Killed a sphinx
 32273 | Abyss:3  | Cast into level 3 of the Abyss (unwielding a weapon of
                  | distortion)
 32363 | Abyss:3  | Found a corrupted altar of Lugonu.
 32378 | Abyss:3  | Found a corrupted altar of Lugonu.
 32388 | Abyss:3  | Lost intelligence.
 32426 | Abyss:3  | Killed BraveToast's ghost
 32435 | Abyss:3  | Gained mutation: You occasionally shout uncontrollably at
                  | your foes. [a neqoxec]
 32499 | Abyss:3  | Noticed an ancient lich
 32521 | Abyss:3  | Reached skill level 10 in Maces & Flails
 32523 | Abyss:3  | Killed an ancient lich
 32524 | Abyss:3  | Lost mutation: You are very agile. (Dex +8, Str/Int -2) [a
                  | neqoxec]
 32525 | Abyss:3  | Reached XP level 18. HP: 125/180 MP: 19/19
 32526 | Abyss:3  | Lost intelligence.
 32533 | Abyss:3  | Gained mutation: You are frail. (-10% HP) [a neqoxec]
 32537 | Abyss:3  | Lost mutation: You possess an exceptional clarity of mind.
                  | [a neqoxec]
 32556 | Abyss:3  | Lost mutation: You passively dampen the noise of your
                  | surroundings. [potion of mutation]
 32556 | Abyss:3  | Lost mutation: You are agile. (Dex +4, Str/Int -1) [potion
                  | of mutation]
 32556 | Abyss:3  | Lost mutation: You have acidic saliva. [potion of mutation]
 32556 | Abyss:3  | Lost mutation: You frequently scream uncontrollably at your
                  | foes. [potion of mutation]
 32556 | Abyss:3  | Gained mutation: You are somewhat resistant to further
                  | mutation. [potion of mutation]
 32712 | Abyss:3  | Noticed a lich
 32730 | Abyss:3  | Killed a lich
 32820 | Abyss:3  | Found a corrupted altar of Lugonu.
 32838 | Abyss:3  | Noticed a bone dragon
 32879 | Abyss:3  | Slimified a bone dragon
 32879 | Abyss:3  | a bone dragon changed into an acid blob
 32970 | Elf:1    | Escaped the Abyss
 32990 | Elf:1    | Found a transporter.
 32993 | Elf:1    | Found a transporter.
 33021 | Elf:1    | Found Imehewko's Weapon Boutique.
 33021 | Elf:1    | Found Qasugg's Assorted Antiques.
 33592 | Elf:1    | Lost mutation: You are frail. (-10% HP) [Jiyva's grace]
 33592 | Elf:1    | Lost mutation: You regenerate. [Jiyva's grace]
 33592 | Elf:1    | Gained mutation: Your movements are slightly less
                  | encumbered by armour. (ER -2) [Jiyva's grace]
 33592 | Elf:1    | Gained mutation: Your movements are less encumbered by
                  | armour. (ER -4) [Jiyva's grace]
 33592 | Elf:1    | Gained mutation: Your movements are significantly less
                  | encumbered by armour. (ER -6) [Jiyva's grace]
 33592 | Elf:1    | Gained mutation: You are partially covered in iridescent
                  | scales. (AC +2) [Jiyva's grace]
 33623 | Elf:1    | Reached skill level 5 in Shields
 33745 | Elf:1    | Identified the +9 glaive of the Hated {elec, Str+6 Int+5}
 33836 | Elf:1    | Found a transporter.
 33838 | Elf:1    | Found a transporter.
 34286 | Elf:2    | Reached skill level 15 in Maces & Flails
 34298 | Elf:2    | Found Beodu's Magic Scroll Emporium.
 34363 | Elf:2    | Bought a scroll of teleportation for 36 gold pieces
 34363 | Elf:2    | Bought a scroll of teleportation for 36 gold pieces
 34363 | Elf:2    | Bought a scroll of teleportation for 36 gold pieces
 34363 | Elf:2    | Bought a scroll of enchant armour for 90 gold pieces
 34591 | Elf:2    | Identified the +0 scale mail of Pofakkem {rF- Str+5}
 34630 | Elf:2    | Found a runed translucent gate.
 34631 | Elf:2    | Found a runed translucent gate.
 34631 | Elf:2    | Found a runed translucent gate.
 35014 | Elf:3    | Entered Level 3 of the Elven Halls
 35025 | Elf:3    | Reached XP level 19. HP: 186/191 MP: 25/25
 35128 | Elf:3    | Paralysed by an air elemental for 1 turns
 35166 | Elf:3    | HP: 5/191 [deep elf elementalist/fireball (60)]
 35167 | Elf:3    | Noticed a Tzitzimitl
 35495 | Vaults:1 | Entered Level 1 of the Vaults
 35536 | Vaults:1 | Lost mutation: You passively map a small area around you.
                  | [Jiyva's grace]
 35536 | Vaults:1 | Lost mutation: You heal very quickly. [Jiyva's grace]
 35536 | Vaults:1 | Lost mutation: Your movements are significantly less
                  | encumbered by armour. (ER -6) [Jiyva's grace]
 35536 | Vaults:1 | Lost mutation: Your melee attacks may engulf your foes in
                  | ooze. [Jiyva's grace]
 35536 | Vaults:1 | Gained mutation: Your muscles are strong. (Str +4, Int/Dex
                  | -1) [Jiyva's grace]
 35536 | Vaults:1 | Gained mutation: Your muscles are very strong. (Str +8,
                  | Int/Dex -2) [Jiyva's grace]
 35536 | Vaults:1 | Gained mutation: Armour fits poorly on your large
                  | pseudopods. [Jiyva's grace]
 35536 | Vaults:1 | Gained mutation: Armour fits poorly on your massive
                  | pseudopods. [Jiyva's grace]
 35553 | Vaults:1 | Identified the serpent talisman of Lethargy {rF- rC+ Dex+5
                  | Stlth+}
 35553 | Vaults:1 | Noticed Aizul
 35566 | Vaults:1 | Killed Aizul
 36168 | Vaults:1 | Identified the +6 whip of Causality {speed, rF+ rCorr
                  | Str-3}
 36932 | Vaults:2 | Noticed Saint Roka
 36942 | Vaults:2 | Killed Saint Roka
 37258 | Vaults:2 | Reached XP level 20. HP: 146/200 MP: 26/26
 37259 | Vaults:2 | Found a staircase to the Crypt.
 37304 | Crypt:1  | Entered Level 1 of the Crypt
 37369 | Vaults:2 | Lost mutation: You are somewhat resistant to further
                  | mutation. [Jiyva's grace]
 37369 | Vaults:2 | Lost mutation: Your muscles are very strong. (Str +8,
                  | Int/Dex -2) [Jiyva's grace]
 37369 | Vaults:2 | Lost mutation: Your muscles are strong. (Str +4, Int/Dex
                  | -1) [Jiyva's grace]
 37369 | Vaults:2 | Lost mutation: Your movements are less encumbered by
                  | armour. (ER -4) [Jiyva's grace]
 37369 | Vaults:2 | Gained mutation: You have acidic saliva. [Jiyva's grace]
 37369 | Vaults:2 | Gained mutation: Your mind is acute. (Int +4, Str/Dex -1)
                  | [Jiyva's grace]
 37369 | Vaults:2 | Gained mutation: Your mind is very acute. (Int +8, Str/Dex
                  | -2) [Jiyva's grace]
 37369 | Vaults:2 | Gained mutation: Your translucent skin slightly reduces
                  | your foes' accuracy. (Stealth+) [Jiyva's grace]
 37473 | Vaults:2 | Identified the +6 scale mail of Exclusion {Rampage rC++}
 37489 | Vaults:2 | Identified the +4 pair of gloves of the Several Mystics
                  | {Fly rC+ Int-4 Dex+2}
 37859 | Vaults:3 | Found Zevvul's Distillery.
 37866 | Vaults:3 | Bought a potion of ambrosia for 176 gold pieces
 37866 | Vaults:3 | Bought a potion of curing for 66 gold pieces
 37958 | Vaults:3 | Reached skill level 10 in Shields
 38322 | Vaults:3 | Found a crumbling gateway.
 38332 | Desolati | Entered the Desolation of Salt
 38485 | Desolati | Got the Discursus on Haze
 38486 | Desolati | Identified the +1 ring mail of Wariness {rPois rF+}
 38519 | Desolati | Identified the +6 falchion "Iganav" {protect, rF+ rC+}
 38802 | Desolati | Identified the staff of the Hills {rElec Int+4 Dex+5 Air}
 38809 | Desolati | Got the Grimoire of Clay
 38814 | Desolati | Identified the +7 whip "Conservator" {speed, rN+}
 38943 | Desolati | Got Sif Muna's Spellbook of Transposed Battling
 38951 | Desolati | Identified the ring "Plog" {*Corrode rF+ rC+ SInv}
 39122 | Vaults:3 | Found Dimiuffa's General Store.
 39149 | Vaults:3 | Found Kuomn's Jewellery Shop.
 39153 | Vaults:3 | Bought a scroll of teleportation for 63 gold pieces
 39248 | Vaults:3 | Found Siont's Antique Weapon Shop.
 39363 | Vaults:3 | Found Cuall's Magic Scroll Shop.
 39398 | Vaults:3 | Lost mutation: Your mind is very acute. (Int +8, Str/Dex
                  | -2) [Jiyva's grace]
 39398 | Vaults:3 | Lost mutation: Armour fits poorly on your massive
                  | pseudopods. [Jiyva's grace]
 39398 | Vaults:3 | Lost mutation: Armour fits poorly on your large pseudopods.
                  | [Jiyva's grace]
 39398 | Vaults:3 | Gained mutation: Your rubbery body absorbs attacks. (AC +1,
                  | EV +1) [Jiyva's grace]
 39398 | Vaults:3 | Gained mutation: Your pliable body absorbs attacks. (AC +2,
                  | EV +2) [Jiyva's grace]
 39398 | Vaults:3 | Gained mutation: Your gelatinous body deflects attacks. (AC
                  | +3, EV +3) [Jiyva's grace]
 39398 | Vaults:3 | Gained mutation: You have supernaturally acute eyesight.
                  | (SInv) [Jiyva's grace]
 39758 | Vaults:4 | Noticed Mennas
 39780 | Vaults:4 | Killed Mennas
 39793 | Vaults:4 | Reached XP level 21. HP: 210/210 MP: 28/28
 39863 | Vaults:4 | Noticed Norris
 40449 | Snake:3  | Identified the +0 pair of boots "Bon Doiwk" {rElec}
 40474 | Snake:3  | Found a shadowy altar of Dithmenos.
 40605 | Snake:4  | Entered Level 4 of the Snake Pit
 40945 | Snake:4  | Got a jade gem with 85 turns to spare
 40958 | Snake:4  | Got a serpentine rune of Zot
 41289 | Crypt:1  | Reached skill level 15 in Shields
 41556 | Crypt:1  | Noticed a royal mummy
 41776 | Vaults:4 | Slimified Norris
 41776 | Vaults:4 | Norris changed into Norris the azure jelly
 41776 | Vaults:4 | Noticed Norris
 42434 | Vaults:4 | Lost mutation: Your natural rate of healing is unusually
                  | fast. [Jiyva's grace]
 42434 | Vaults:4 | Lost mutation: You have acidic saliva. [Jiyva's grace]
 42434 | Vaults:4 | Gained mutation: You have large cloven feet. [Jiyva's
                  | grace]
 42434 | Vaults:4 | Gained mutation: You have hoof-like feet. [Jiyva's grace]
 42434 | Vaults:4 | Gained mutation: You have hooves in place of feet. [Jiyva's
                  | grace]
 42434 | Vaults:4 | Gained mutation: Your body has grown eyes which may confuse
                  | attackers. (Acc +3) [Jiyva's grace]
 42460 | Vaults:5 | Entered Level 5 of the Vaults
 42616 | Vaults:4 | Reached XP level 22. HP: 208/220 MP: 31/31
 42719 | Vaults:4 | Reached skill level 15 in Dodging
 42761 | Vaults:5 | Noticed an ancient lich
 42770 | Vaults:5 | Noticed a dread lich
 42843 | Vaults:5 | Noticed Sojobo
 42845 | Vaults:5 | Paralysed by an air elemental for 1 turns
 42850 | Vaults:5 | Paralysed by an air elemental for 1 turns
 42853 | Vaults:5 | Slimified Sojobo
 42853 | Vaults:5 | Sojobo changed into Sojobo the acid blob
 42853 | Vaults:5 | Noticed Sojobo
 42861 | Vaults:5 | Killed Sojobo the acid blob
 43035 | Vaults:5 | Noticed an ancient lich
 43035 | Vaults:5 | Noticed an ancient lich
 43052 | Vaults:5 | Killed an ancient lich
 43060 | Vaults:5 | Killed an ancient lich
 43070 | Vaults:5 | Got a silver rune of Zot
 43365 | Vaults:4 | Killed an ancient lich
 43371 | Vaults:4 | Killed a dread lich
 43584 | Vaults:5 | Identified the +7 long sword of Dyhulueku {holy, *Corrode
                  | rC++ Will+ SInv}
 44099 | Vaults:3 | Bought a scroll of teleportation for 51 gold pieces
 44099 | Vaults:3 | Bought 2 scrolls of blinking for 255 gold pieces
 44099 | Vaults:3 | Bought a scroll of teleportation for 51 gold pieces
 44312 | Depths:1 | Found a runed translucent door.
 44382 | Depths:1 | Found a shimmering altar of Xom.
 44382 | Depths:1 | Noticed Ubraesch's ghost (adept TrMo)
 44396 | Depths:1 | Killed Ubraesch's ghost
 44401 | Depths:1 | Got the Handbook of the Sphinx and Detritus
 44487 | Depths:1 | Found a glowing golden altar of the Shining One.
 44490 | Depths:1 | Found a runed translucent door.
 44604 | Depths:1 | Found a gateway to Hell.
 44821 | Depths:2 | Lost mutation: Your gelatinous body deflects attacks. (AC
                  | +3, EV +3) [Jiyva's grace]
 44821 | Depths:2 | Lost mutation: Your translucent skin slightly reduces your
                  | foes' accuracy. (Stealth+) [Jiyva's grace]
 44821 | Depths:2 | Gained mutation: You are robust. (+10% HP) [Jiyva's grace]
 44821 | Depths:2 | Gained mutation: You are very robust. (+20% HP) [Jiyva's
                  | grace]
 44821 | Depths:2 | Gained mutation: You are extremely robust. (+30% HP)
                  | [Jiyva's grace]
 44821 | Depths:2 | Gained mutation: You passively dampen the noise of your
                  | surroundings. [Jiyva's grace]
 44879 | Depths:2 | Identified the staff of World Downfall {rC+ rCorr Ice}
 44920 | Depths:2 | Reached XP level 23. HP: 281/301 MP: 32/32
 45095 | Depths:3 | Found a one-way gateway to a ziggurat.
 45201 | Depths:3 | Found a one-way gate to the infinite horrors of the Abyss.
 45353 | Depths:3 | Found a one-way gate leading to the halls of Pandemonium.
 45404 | Depths:4 | Entered Level 4 of the Depths
 45728 | Depths:4 | Identified the +6 spear of Fimbulwinter {heavy, rF+ Will-
                  | Str+3}
 45944 | Depths:4 | Lost mutation: You have hooves in place of feet. [Jiyva's
                  | grace]
 45944 | Depths:4 | Lost mutation: You are extremely robust. (+30% HP) [Jiyva's
                  | grace]
 45944 | Depths:4 | Lost mutation: Your body has grown eyes which may confuse
                  | attackers. (Acc +3) [Jiyva's grace]
 45944 | Depths:4 | Lost mutation: Your pliable body absorbs attacks. (AC +2,
                  | EV +2) [Jiyva's grace]
 45944 | Depths:4 | Lost mutation: You have a small jelly attached to you that
                  | may absorb projectiles. [Jiyva's grace]
 45944 | Depths:4 | Gained mutation: You have acidic saliva. [Jiyva's grace]
 45944 | Depths:4 | Gained mutation: You have hooves in place of feet. [Jiyva's
                  | grace]
 45944 | Depths:4 | Gained mutation: Your muscles are strong. (Str +4, Int/Dex
                  | -1) [Jiyva's grace]
 45944 | Depths:4 | Gained mutation: Your muscles are very strong. (Str +8,
                  | Int/Dex -2) [Jiyva's grace]
 46296 | Depths:4 | Found a gate to the Realm of Zot.
 46313 | Depths:4 | Got a midnight gem with 978 turns to spare
 47166 | Crypt:2  | Identified the +3 robe of Elyvilon, Muttering {rCorr}
 47374 | Crypt:3  | Entered Level 3 of the Crypt
 47463 | Crypt:3  | Noticed Zenata
 47470 | Crypt:3  | Killed Zenata
 47696 | Crypt:3  | Reached skill level 27 in Maces & Flails
 47804 | Crypt:3  | Identified the +4 war axe of Shame {pain, Dex+3}
 47951 | Crypt:3  | Found an ancient bone altar of Kikubaaqudgha.
 47982 | Crypt:3  | Identified the staff of Bitygal {rElec rPois SInv Air}
 47995 | Crypt:3  | Reached XP level 24. HP: 239/290 MP: 32/32
 48007 | Crypt:3  | Got an ivory gem with 284 turns to spare
 48710 | Depths:2 | Lost mutation: You have hooves in place of feet. [Jiyva's
                  | grace]
 48710 | Depths:2 | Lost mutation: You are partially covered in iridescent
                  | scales. (AC +2) [Jiyva's grace]
 48710 | Depths:2 | Lost mutation: You have supernaturally acute eyesight.
                  | (SInv) [Jiyva's grace]
 48710 | Depths:2 | Lost mutation: You are very robust. (+20% HP) [Jiyva's
                  | grace]
 48710 | Depths:2 | Lost mutation: Your muscles are very strong. (Str +8,
                  | Int/Dex -2) [Jiyva's grace]
 48710 | Depths:2 | Lost mutation: Your movements are slightly less encumbered
                  | by armour. (ER -2) [Jiyva's grace]
 48710 | Depths:2 | Gained mutation: You have a small jelly attached to you
                  | that senses nearby items. [Jiyva's grace]
 48710 | Depths:2 | Gained mutation: Your pliable body absorbs attacks. (AC +2,
                  | EV +2) [Jiyva's grace]
 48710 | Depths:2 | Gained mutation: Your gelatinous body deflects attacks. (AC
                  | +3, EV +3) [Jiyva's grace]
 48710 | Depths:2 | Gained mutation: You are very robust. (+20% HP) [Jiyva's
                  | grace]
 48969 | Depths:2 | Identified the +4 ring mail "Qucet" {rElec rC+ Will- Str+3}
 49016 | Depths:2 | Noticed an ancient lich
 49026 | Depths:2 | Noticed the Enchantress
 49031 | Depths:2 | Killed an ancient lich
 49052 | Depths:2 | Slimified the Enchantress
 49052 | Depths:2 | the Enchantress changed into the Enchantress the azure
                  | jelly
 49052 | Depths:2 | Noticed the Enchantress
 49959 | Depths:3 | Learned a level 4 spell: Animate Dead
 50598 | Hell     | Entered the Vestibule of Hell
 50598 | Hell     | Noticed Geryon
 50863 | Hell     | Killed Geryon
 50965 | Hell     | Found a gateway to the decaying netherworld of Tartarus.
 51159 | Hell     | Found a gateway to the freezing wastes of Cocytus.
 51300 | Hell     | Found a gateway to the Iron City of Dis.
 51367 | Hell     | Found a gateway to the ashen valley of Gehenna.
 51423 | Coc:1    | Entered Level 1 of Cocytus
 51445 | Coc:1    | HP: 14/292 [??? (12)]
 51774 | Tar:1    | Entered Level 1 of Tartarus
 51887 | Zot:1    | Entered Level 1 of the Realm of Zot
 51922 | Depths:4 | HP: 20/441 [protean progenitor (12)]
 51923 | Depths:4 | Gained mutation: Your body sometimes deteriorates upon
                  | taking damage. [mutagenic glow]
 51932 | Depths:4 | HP: 14/294 [wolf spider[a protean progenitor] (11)]
 52270 | Zig:1    | Entered Level 1 of a ziggurat
 52300 | Zig:2    | Entered Level 2 of a ziggurat
 52328 | Zig:3    | Entered Level 3 of a ziggurat
 52353 | Zig:3    | Identified the staff of Dung {rElec rF+ Str-4 SInv Stlth+
                  | Fire Earth}
 52358 | Zig:3    | Identified the ring "Hyuw Tui" {Fly rCorr Int+3}
 52365 | Zig:4    | Entered Level 4 of a ziggurat
 52368 | Zig:4    | Noticed an ancient lich
 52381 | Zig:4    | Killed an ancient lich
 52382 | Zig:4    | Reached XP level 25. HP: 287/303 MP: 32/32
 52420 | Zig:4    | Identified the +4 hand axe of Crusades {drain, Int-5 Dex+3}
 52425 | Zig:5    | Entered Level 5 of a ziggurat
 52430 | Zig:5    | Noticed a shard shrike
 52435 | Zig:5    | Killed a shard shrike
 52457 | Zig:5    | Identified the +7 demon trident of Tuiddod {venom, rF+ rN+}
 52477 | Zig:6    | Entered Level 6 of a ziggurat
 52538 | Zig:7    | Entered Level 7 of a ziggurat
 52544 | Zig:7    | Noticed a dread lich
 52544 | Zig:7    | Noticed a dread lich
 52555 | Zig:7    | Killed a dread lich
 52556 | Zig:7    | Reached skill level 1 in Necromancy
 52566 | Zig:7    | Killed a dread lich
 52588 | Zig:7    | Identified the staff of the Protecting Gods {rElec rF+
                  | rC+++ MP-9 Hexes Fire}
 52595 | Zig:8    | Entered Level 8 of a ziggurat
 52649 | Zig:8    | Got Gloorx Vloq's Verses on Misery and Concoctions
 52650 | Zig:8    | Identified the ring of Feohof {rPois rN+ Dex+2}
 53286 | Elf:3    | Identified the +7 orcbow of Gozag's Fury {heavy, Int+2}
 53401 | Elf:3    | Lost mutation: You have acidic saliva. [potion of mutation]
 53401 | Elf:3    | Lost mutation: Your muscles are strong. (Str +4, Int/Dex
                  | -1) [potion of mutation]
 53406 | Elf:3    | Lost mutation: Your gelatinous body deflects attacks. (AC
                  | +3, EV +3) [potion of mutation]
 53406 | Elf:3    | Lost mutation: You are very robust. (+20% HP) [potion of
                  | mutation]
 53406 | Elf:3    | Gained mutation: Potions are less effective at restoring
                  | your health. [potion of mutation]
 53510 | Elf:3    | Lost mutation: Armour fits poorly on your pseudopods.
                  | [potion of mutation]
 53510 | Elf:3    | Lost mutation: You passively dampen the noise of your
                  | surroundings. [potion of mutation]
 53510 | Elf:3    | Gained mutation: You occasionally lose the ability to drink
                  | potions when taking damage. [potion of mutation]
 53510 | Elf:3    | Lost mutation: You have a small jelly attached to you that
                  | senses nearby items. [potion of mutation]
 53599 | Elf:3    | Identified the +10 flail of Lies {antimagic, rF+ Str+2
                  | Stlth+}
 53599 | Elf:3    | Found the ring of the Octopus King {Fly HP+2 AC+2 EV+2
                  | SH+2}
 54199 | Zot:1    | Noticed Sofait's ghost (legendary GnFE)
 54205 | Zot:1    | Found a runed translucent door.
 54228 | Zot:1    | Identified the +7 glaive of Undoing {drain, rF+ Will+}
 54293 | Zot:1    | Lost mutation: You have hoof-like feet. [Jiyva's grace]
 54293 | Zot:1    | Lost mutation: Your body sometimes deteriorates upon taking
                  | damage. [Jiyva's grace]
 54293 | Zot:1    | Lost mutation: You occasionally lose the ability to drink
                  | potions when taking damage. [Jiyva's grace]
 54293 | Zot:1    | Gained mutation: You have a somewhat thin skeletal
                  | structure. (Dex +2, Stealth+) [Jiyva's grace]
 54293 | Zot:1    | Gained mutation: You have a moderately thin skeletal
                  | structure. (Dex +4, Stealth++) [Jiyva's grace]
 54293 | Zot:1    | Gained mutation: You have an unnaturally thin skeletal
                  | structure. (Dex +6, Stealth+++) [Jiyva's grace]
 54293 | Zot:1    | Gained mutation: You have a small jelly attached to you
                  | that senses nearby items. [Jiyva's grace]
 54401 | Zot:2    | Noticed a Killer Klown
 54424 | Zot:2    | Killed a Killer Klown
 54818 | Zot:2    | Reached skill level 5 in Necromancy
 55350 | Zot:5    | Entered Level 5 of the Realm of Zot
 55423 | Zot:5    | Reached XP level 26. HP: 290/290 MP: 32/32
 55555 | Zot:5    | Noticed an orb of fire
 55558 | Zot:5    | Lost mutation: You are robust. (+10% HP) [an orb of fire]
 55565 | Zot:5    | Gained mutation: Potions cannot restore your health. [an
                  | orb of fire]
 55567 | Zot:5    | Gained mutation: Your body sometimes deteriorates upon
                  | taking damage. [an orb of fire]
 55568 | Zot:5    | Gained mutation: You are vulnerable to cold. (rC-) [an orb
                  | of fire]
 55572 | Zot:5    | Killed an orb of fire
 55573 | Zot:5    | Reached skill level 27 in Fighting
 55582 | Zot:5    | Noticed an orb of fire
 55588 | Zot:5    | Lost mutation: Your mind is acute. (Int +4, Str/Dex -1) [an
                  | orb of fire]
 55600 | Zot:5    | Gained mutation: Your body often deteriorates upon taking
                  | damage. [an orb of fire]
 55601 | Zot:5    | Killed an orb of fire
 55676 | Zot:5    | Noticed a dread lich
 55678 | Zot:5    | Noticed a dread lich
 55681 | Zot:5    | Killed a dread lich
 55684 | Zot:5    | Noticed an orb of fire
 55686 | Zot:5    | Noticed an orb of fire
 55692 | Zot:5    | Killed a dread lich
 55692 | Zot:5    | Gained mutation: You are clumsy. (Dex -2) [an orb of fire]
 55698 | Zot:5    | Noticed an orb of fire
 55699 | Zot:5    | Lost mutation: Your pliable body absorbs attacks. (AC +2,
                  | EV +2) [an orb of fire]
 55701 | Zot:5    | Killed an orb of fire
 55703 | Zot:5    | Noticed an orb of fire
 55710 | Zot:5    | Gained mutation: You occasionally shout uncontrollably at
                  | your foes. [an orb of fire]
 55710 | Zot:5    | Gained mutation: You occasionally lose the ability to read
                  | scrolls when taking damage. [an orb of fire]
 55716 | Zot:5    | Noticed an orb of fire
 55716 | Zot:5    | Noticed a dread lich
 55720 | Zot:5    | Noticed an orb of fire
 55722 | Zot:5    | Noticed an ancient lich
 55724 | Zot:5    | Gained mutation: You have hidden genetic defects. [an orb
                  | of fire]
 55726 | Zot:5    | Slimified a dread lich
 55726 | Zot:5    | a dread lich changed into an azure jelly
 55785 | Zot:1    | Lost mutation: Your body often deteriorates upon taking
                  | damage. [potion of mutation]
 55785 | Zot:1    | Lost mutation: You are vulnerable to cold. (rC-) [potion of
                  | mutation]
 55785 | Zot:1    | Lost mutation: You have a small jelly attached to you that
                  | senses nearby items. [potion of mutation]
 56161 | Vaults:3 | Bought a potion of mutation for 168 gold pieces
 56161 | Vaults:3 | Bought a potion of mutation for 168 gold pieces
 56161 | Vaults:3 | Lost mutation: You have large cloven feet. [potion of
                  | mutation]
 56161 | Vaults:3 | Lost mutation: You have an unnaturally thin skeletal
                  | structure. (Dex +6, Stealth+++) [potion of mutation]
 56161 | Vaults:3 | Gained mutation: You have a pair of large horns on your
                  | head. [potion of mutation]
 56163 | Vaults:3 | Lost mutation: Potions cannot restore your health. [potion
                  | of mutation]
 56163 | Vaults:3 | Lost mutation: Your rubbery body absorbs attacks. (AC +1,
                  | EV +1) [potion of mutation]
 56163 | Vaults:3 | Lost mutation: Your body sometimes deteriorates upon taking
                  | damage. [potion of mutation]
 56163 | Vaults:3 | Gained mutation: Your body sometimes deteriorates upon
                  | taking damage. [potion of mutation]
 56163 | Vaults:3 | Lost mutation: You have hidden genetic defects. [potion of
                  | mutation]
 56166 | Vaults:3 | Bought 2 potions of mutation for 336 gold pieces
 56166 | Vaults:3 | Lost mutation: You have a moderately thin skeletal
                  | structure. (Dex +4, Stealth++) [potion of mutation]
 56166 | Vaults:3 | Lost mutation: You are clumsy. (Dex -2) [potion of
                  | mutation]
 56166 | Vaults:3 | Lost mutation: Your body sometimes deteriorates upon taking
                  | damage. [potion of mutation]
 56166 | Vaults:3 | Gained mutation: You sometimes lose your temper in combat.
                  | [potion of mutation]
 56166 | Vaults:3 | Gained mutation: You are resistant to electric shocks.
                  | (rElec) [potion of mutation]
 56166 | Vaults:3 | Gained mutation: Your muscles are strong. (Str +4, Int/Dex
                  | -1) [potion of mutation]
 56612 | Zot:5    | Lost mutation: Your muscles are strong. (Str +4, Int/Dex
                  | -1) [an orb of fire]
 56615 | Zot:5    | Killed an orb of fire
 56640 | Zot:5    | Killed an orb of fire
 56682 | Zot:5    | Killed an ancient lich
 56707 | Zot:5    | Gained mutation: You sometimes lose the ability to read
                  | scrolls when taking damage. [an orb of fire]
 56722 | Zot:5    | Gained mutation: Your spells are a little easier to cast,
                  | but a little less powerful. [an orb of fire]
 56724 | Zot:5    | Killed an orb of fire
 56844 | Zot:5    | Got the Orb of Zot
 56889 | Zot:4    | Noticed Eqiupt the pandemonium lord
 56919 | Zot:2    | Noticed Loefyo the pandemonium lord
 56933 | Zot:2    | Killed Loefyo the pandemonium lord
 56934 | Zot:2    | Reached skill level 10 in Necromancy
 57036 | Depths:4 | Noticed Doddin the pandemonium lord
 57045 | Depths:4 | Killed Doddin the pandemonium lord
 57583 | D:1      | Noticed Nibu the pandemonium lord
 57681 | D:$      | Escaped with the Orb!

Illustrated notes

Levels and vault maps discovered:
D:1:      mrwooster_arrival_statue_2, layout_rooms,
          dreamdust_ecumenical_altar_hidden_monk_grotto, bh_walls_and_bars
D:2:      layout_basic, uniq_crazy_yiuf_cottage
D:3:      layout_basic, kennysheep_generic_room_8
D:4:      layout_cave_pods, uniq_grinder, uniq_ijyb, uniq_eustachio
D:5:      layout_layer_cave, minitemple, st_stairs_14
D:6:      layout_cave_pools, temple_hall, gup_sewer_entry_glass
D:7:      layout_basic, kennysheep_generic_room_6, uniq_prince_ribbit1,
          uniq_pikel
D:8:      nicolae_cairo_tiling_very_big, layout_basic, serial_library,
          serial_library_hellmonk_filled_rooms,
          serial_library_hellmonk_angled_corner,
          serial_library_regret_index_split_case,
          serial_library_hellmonk_h_bend, serial_library_hellmonk_open_cross,
          serial_library_hellmonk_junction, enter_bailey_2, serial_shops,
          nicolae_shop_stone, kennysheep_potato
D:9:      layout_small_grid, grunt_ministairs_9, minmay_misc_feat_alley
D:10:     minmay_the_grid_square_5x5_4x4 [minmay_the_grid_square_5x5_forky,
          minmay_the_grid_square_5x5_detours,
          minmay_the_grid_square_5x5_checkered,
          minmay_the_grid_square_5x5_tetrominoes,
          minmay_the_grid_square_5x5_dogpile,
          minmay_the_grid_square_5x5_prize_junk,
          minmay_the_grid_square_5x5_prize_pseudospiral,
          minmay_the_grid_square_5x5_trominoes,
          minmay_the_grid_square_5x5_broken_cross,
          minmay_the_grid_square_5x5_prize_open,
          minmay_the_grid_square_5x5_prize_open, minmay_the_grid_square_5x5_tie,
          minmay_the_grid_square_5x5_fat_x, minmay_the_grid_square_5x5_meh,
          minmay_the_grid_square_5x5_three, minmay_the_grid_square_5x5_plus],
          layout_small_grid, special_room [special_room_bee], st_stairs_10,
          minivault_28, uniq_fannar
D:11:     layout_small_grid, lair_entry_dummy, minmay_orc_entry_temple_small,
          nicolae_neqoxec_dot_bat
D:12:     layout_loops_ring, ebering_ghost_reflecting_pool
D:13:     minmay_expanding_circles, layout_basic,
          skrybe_vaults_entry_preservation, uniq_frances
D:14:     layout_stronghold, elyvilon_altar_5, minmay_misc_feat_tiny,
          grunt_ministairs_1, hangedman_feature_mirror, uniq_agnes, uniq_jorgrun
D:15:     grunt_enter_depths_magical_seal, layout_cave_pools, serial_shops,
          bzr_entry_dummy
Temple:   eino_narrow_crystal_temple
Lair:1:   lemuel_reptile_caves, layout_small_grid,
          nicolae_volcano_entry_hallway, lemuel_fruit_fields
Lair:2:   layout_regular_city, grunt_megastairs_5
Lair:3:   layout_gridlike, elwin_shoals_entry_stream,
          nicolae_snake_entry_squirm, gammafunk_ghost_grave, uniq_josephine
Lair:4:   layout_regular_city, grunt_forest_small_clearings,
          nicolae_lair_run_with_the_wolves
Lair:5:   grunt_lair_end_beastmaster, layout_misc_corridors, slime_entry_1,
          gammafunk_ghost_necromancy, serial_bayou_shore_a
Shoals:1: layout_shoals, uniq_kirke, uniq_donald
Shoals:2: layout_shoals, nicolae_shop_vocational
Shoals:3: layout_shoals
Shoals:4: shoals_end_grunt_ice, layout_shoals, shoals_ilsuiw_alternative
Snake:1:  layout_honeycomb, nicolae_snake_serpentine_hallways
Snake:2:  layout_chambers, portal_ice_cave_entry_horrid_things,
          nicolae_snake_omega
Snake:3:  layout_grid_maze, basic_altar, serial_bayou_pond_e,
          serial_bayou_pond_a
Snake:4:  hellmonk_snake_rune_quicksilver_temple, layout_cave_town,
          grunt_megastairs_2
Slime:1:  layout_caves
Slime:2:  layout_caves
Slime:3:  layout_caves, nicolae_slime_phagocytosis
Slime:4:  layout_caves, dissolution_awaits
Slime:5:  slime_pit_nicolae_trefoil
Orc:1:    layout_caves, nicolae_orc_stalacmites
Orc:2:    grunt_orc_community_town_hall, layout_caves,
          grunt_orc_community_big_house_2, grunt_orc_community_big_house_1,
          grunt_orc_community_house_1, grunt_orc_community_house_3,
          grunt_orc_community_house_2, grunt_orc_community_house_3,
          grunt_orc_community_house_3, serial_shops, shop,
          nicolae_shop_drivethru, nicolae_shop_gaudy_bauble, shop, shop
Elf:1:    layout_geoelf_octagon, nicolae_elf_blasts_and_bolts,
          serial_nicolae_subway, nicolae_sub_station_crystal,
          nicolae_sub_station_metal, nicolae_sub_station_stone, minmay_shoptagon
Elf:2:    nicolae_elf_blades_crystal_corner, layout_geoelf_grid,
          minmay_shop_star
Elf:3:    minmay_elf_hall_four_x, layout_geoelf_octagon
Vaults:1: dpeg_vaults_monster_box, nicolae_vaults_little_squares_2,
          nicolae_vaults_stepped_doors, nicolae_vaults_more_shelving_2,
          nicolae_vaults_trapezoid_lopsided_3, grunt_vaults_hallway_short,
          vaults_dpeg_hooks, nicolae_vaults_weapon_check,
          layout_vaults_omnigrid, uniq_aizul
Vaults:2: v_misc_14, vaults_room_glass_cross, ontoclasm_vaults_claustrophobia,
          nicolae_vaults_mitosis, nicolae_vaults_double_plus_1,
          nicolae_vaults_tetromino_L_1, nicolae_vaults_tetromino_T_2,
          nicolae_vaults_surprise_closet, ontoclasm_vaults_pinch, v_misc_18,
          v_pattern_1, minmay_crypt_entry_simple_box,
          nicolae_vaults_double_plus_3, vaults_mumra_hexcomb,
          layout_vaults_ring, uniq_saint_roka
Vaults:3: portal_desolation_entry_nicolae_slug, nicolae_vaults_network_square,
          nicolae_vaults_shipping_containers_7, vaults_mumra_chevron_long,
          v_pattern_5, vaults_mumra_minichess, vaults_room_octagon,
          nicolae_vaults_octothorpe, v_misc_33, v_misc_4,
          nicolae_vaults_little_squares_5, nicolae_vaults_network_quinsquares
          [nicolae_vaults_network_quincunx_subvault,
          nicolae_vaults_network_quincunx_subvault,
          nicolae_vaults_network_quincunx_subvault,
          nicolae_vaults_network_quincunx_subvault],
          nicolae_vaults_storage_room_statues, layout_vaults_big_cross,
          serial_shops, shop_fountains, shop, shop, shop, shop
Vaults:4: v_misc_31, hangedman_vaults_hat, v_rooms_5, nicolae_vaults_wrenched,
          nicolae_vaults_network_periphery, nicolae_vaults_rhombus_6,
          nicolae_vaults_sesquioval_fish, vaults_room_guarded_vault,
          nicolae_vaults_diagonal_hallway_6, layout_vaults_big_room,
          uniq_norris, uniq_mennas
Vaults:5: serial_shops, uniq_sojobo
Crypt:1:  lemuel_minitomb, layout_misc_corridors
Crypt:2:  layout_misc_corridors
Crypt:3:  quadcrypt_mu, uniq_zenata
Depths:1: layout_basic, hell_entry, ebering_ghost_xom, minivault_11,
          serial_bayou_lagoon_a, lemuel_angel_altar
Depths:2: minmay_tri_stars, layout_gridlike, hangedman_coc_ice_floe,
          rand_demon_pan_entry_9, minmay_starry_boxes, uniq_enchantress
Depths:3: kennysheep_blocky_hall, layout_basic, enter_ziggurat_b, abyss_entry,
          roderic_lattice_a, hell_entry, pan_entry, drop_trap, minivault_21,
          minmay_misc_feat_ornament, uniq_josephina
Depths:4: grunt_zot_entry_gee_three, layout_gridville, hell_entry, abyss_entry,
          grunt_decor_resistance
Hell
Coc:1:    layout_cocytus_delve
Tar:1:    nicolae_hells_titanomachy
Zot:1:    layout_misc_corridors, hellmonk_ghost_big_iron,
          hangedman_zot_diagonal_lockstep
Zot:2:    lemuel_firehouse, layout_onion_interference
Zot:3:    layout_misc_corridors, hangedman_zot_decor_slant, st_stairs_2
Zot:4:    layout_onion_interference, regret_index_zotdec_dark_gr,
          regret_index_zotdec_twisting_globes, uniq_vv
Zot:5:    layout_misc_corridors

Skill      XL: |  1  2  3  4  5  6  7  8  9 10 11 12 13 14 15 16 17 18 19 20 21 22 23 24 25 26 |
---------------+-------------------------------------------------------------------------------+-----
Armour         | 4 5 6 7 8 9 10 11 12 13 14 16 17 18 | 18.3
Dodging        | 1 2 3 4 9 10 12 14 16 19 22 | 22.0
Fighting       | 4 5 6 7 8 11 13 15 19 21 22 23 24 25 26 27 | 27.0
Maces & Flails | 3 4 10 17 20 22 23 24 27 | 27.0
Polearms       | 4 5 7 10 13 15 16 17 18 | 18.0
Throwing       | 1 |  1.3
Evocations     | 1 2 3 4 |  4.0
Spellcasting   | 3 4 5 7 |  7.3
Earth Magic    | 3 5 6 7 |  7.0
Shields        | 4 6 9 13 16 18 20 | 20.4
Necromancy     | 6 10 | 10.6

Action                     |  1- 3 |  4- 6 |  7- 9 | 10-12 | 13-15 | 16-18 | 19-21 | 22-24 | 25-27 || total
---------------------------+-------+-------+-------+-------+-------+-------+-------+-------+-------++-------
  Melee: Flail             |    63 |    20 |       |       |       |       |       |       |       ||    83
         Headbutt          |    10 |    12 |    36 |    85 |   267 |   315 |   404 |   492 |   369 ||  1990
         Trident           |       |    82 |   268 |   563 |  1443 |   990 |       |       |       ||  3346
         Punch             |       |     1 |     6 |     7 |    13 |    20 |     2 |       |       ||    49
         Bite              |       |       |       |       |    19 |   110 |   160 |   174 |    28 ||   491
         Pseudopods        |       |       |       |       |       |   289 |   368 |   489 |    72 ||  1218
         Unarmed           |       |       |       |       |       |     7 |       |       |       ||     7
         Morningstar       |       |       |       |       |       |   472 |  1167 |  1430 |   968 ||  4037
         Kick              |       |       |       |       |       |       |    36 |   493 |       ||   529
  Throw: Dart              |       |       |     3 |     1 |     3 |       |       |       |       ||     7
         Throwing net      |       |       |       |       |       |       |       |     1 |       ||     1
   Cast: Passwall          |       |       |       |       |     3 |       |       |       |     3 ||     6
         Animate Dead      |       |       |       |       |       |       |       |       |     1 ||     1
 Invoke: Slimify           |       |       |       |       |       |     4 |     5 |     7 |     4 ||    20
  Evoke: Wand              |       |       |       |     6 |     4 |     3 |       |     2 |    12 ||    27
         Lightning rod     |       |       |       |       |       |     2 |       |       |       ||     2
         Phial of floods   |       |       |       |       |       |     1 |       |       |     1 ||     2
         Tin of tremorston |       |       |       |       |       |       |       |     2 |       ||     2
         Horn of Geryon    |       |       |       |       |       |       |       |     1 |       ||     1
         Phantom mirror    |       |       |       |       |       |       |       |       |     1 ||     1
    Use: Potion            |       |     1 |       |     4 |     2 |     5 |     7 |     5 |    17 ||    41
         Scroll            |       |       |    10 |    17 |     9 |     4 |    11 |     6 |    16 ||    73
   Stab: Sleeping          |       |       |       |       |     2 |    11 |       |       |       ||    13
         Distracted        |       |       |       |       |       |     3 |       |     1 |       ||     4
         Confused          |       |       |       |       |       |       |       |     5 |       ||     5
         Invisible         |       |       |       |       |       |       |       |     1 |     1 ||     2
 Armour: Scale mail        |    52 |    92 |   114 |    39 |       |    86 |   636 |   415 |       ||  1434
         Leather armour    |       |       |       |   205 |       |       |       |       |       ||   205
         Acid dragon scale |       |       |       |    82 |   488 |   376 |       |   333 |   570 ||  1849
         Skin              |       |       |       |       |       |     9 |       |       |       ||     9
         Ice dragon scales |       |       |       |       |       |   271 |       |       |       ||   271
  Dodge: Dodged            |    39 |    52 |    82 |   285 |   809 |  1284 |  1087 |  1158 |   905 ||  5701
  Block: Kite shield       |       |       |       |       |       |       |   826 |  1161 |   829 ||  2816
